 Dungeon Crawl Stone Soup version 0.22.1-5-g62c59d919a (webtiles) character file.

150 Riddle the Chopper (level 5, -2/47 HPs)
             Began as a Gnoll Chaos Knight on Jan 9, 2019.
             Slain by a worker ant (5 damage)
             ... on level 6 of the Dungeon.
             The game lasted 00:03:59 (1708 turns).

Riddle the Chopper (Gnoll Chaos Knight)             Turns: 1708, Time: 00:03:59

Health: -2/47      AC:  7    Str: 15    XL:     5   Next: 32%
Magic:  6/7        EV: 13    Int: 15    God:    Xom [..*...]
Gold:   36         SH:  0    Dex: 14    Spells: 6/6 levels left

rFire    . . .     SeeInvis .   a - +0 hand axe (chaos)
rCold    . . .     Gourm    .   (no shield)
rNeg     . . .     Faith    .   b - +2 leather armour
rPois    .         Spirit   .   (no helmet)
rElec    .         Reflect  .   p - +1 cloak
rCorr    .         Harm     .   (no gloves)
MR       .....                  (no boots)
Stlth    ++........             (no amulet)
HPRegen  0.15/turn              (no ring)
MPRegen  0.10/turn              (no ring)

@: no status effects
A: distributed training, fangs 1, strong nose
a: Renounce Religion


You were on level 6 of the Dungeon.
You worshipped Xom.
You were a toy of Xom.
You were hungry.

You visited 1 branch of the dungeon, and saw 4 of its levels.

You collected 36 gold pieces.

Inventory:

Hand Weapons
 a - a +0 hand axe of chaos (weapon)
Armour
 b - a +2 leather armour (worn)
 p - a +1 cloak (worn)
Scrolls
 d - a scroll of identify
 h - 2 scrolls of amnesia
Potions
 f - a potion of ambrosia {unknown}
 g - a potion of brilliance {unknown}
 i - a potion of heal wounds {unknown}
 j - 2 potions of flight {unknown}
 k - a potion of degeneration {unknown}
 o - 2 potions of curing
Comestibles
 c - 3 rations
 n - 4 chunks of flesh


   Skills:
 + Level 6.7 Fighting
 + Level 1.4 Short Blades
 + Level 1.4 Long Blades
 + Level 6.7 Axes
 + Level 1.4 Maces & Flails
 + Level 1.4 Polearms
 + Level 1.4 Staves
 + Level 1.4 Slings
 + Level 1.4 Bows
 + Level 1.4 Crossbows
 + Level 1.4 Throwing
 + Level 4.7 Armour
 + Level 2.9 Dodging
 + Level 1.4 Stealth
 + Level 1.4 Shields
 + Level 1.4 Unarmed Combat
 + Level 1.4 Spellcasting
 + Level 1.1 Conjurations
 + Level 1.1 Hexes
 + Level 1.1 Charms
 + Level 1.1 Summonings
 + Level 1.1 Necromancy
 + Level 1.1 Translocations
 + Level 1.1 Transmutations
 + Level 1.1 Fire Magic
 + Level 1.1 Ice Magic
 + Level 1.1 Air Magic
 + Level 1.1 Earth Magic
 + Level 1.1 Poison Magic
 + Level 1.6 Invocations
 + Level 1.4 Evocations


You had 6 spell levels left.
You didn't know any spells.
Your spell library was empty.

Dungeon Overview and Level Annotations

Branches:
Dungeon (3/15)

Altars:
Ashenzari
Cheibriados
Dithmenos
Elyvilon
Nemelex Xobeh
Uskayaw


Innate Abilities, Weirdness & Mutations

Your experience applies equally to all skills.
You have very sharp teeth.
Your uncanny sense of smell can sniff out nearby items.


Message History

You hit the orc but do no damage.
The orc is poisoned.
You bite the orc.
The orc is severely wounded.
You hit the ice beast.
You kill the orc!
The ice beast completely misses you.
You barely miss the ice beast. Your bite misses the ice beast.
The ice beast is lightly wounded.
You barely miss the worker ant. The worker ant misses you.
The ice beast hits you but does no damage.
You closely miss the ice beast.
You bite the ice beast, but do no damage.
The ice beast is lightly wounded.
You hit the worker ant but do no damage.
The worker ant bites you. The ice beast hits you. The ice beast freezes you!
* * * LOW HITPOINT WARNING * * *
You slash the ice beast!
The ice beast is poisoned.
The ice beast is moderately wounded.
You hit the worker ant. The worker ant bites you.
You die...
Xom titters!

########
#..5..§#
#.####5#
##'## #Y#
#.5.# #@#
#...# #a#
#...# #a#
#...# #§#
#...# #a#
##'## #a#
#.####a###
##....5s...
#>.........


You could see an ice beast, 2 worker ants and a shadow imp.

Vanquished Creatures
  A hound (D:6)
  An orc wizard (D:6)
  2 adders (D:2)
  An ooze (D:2)
  A dart slug (D:2)
  2 worms (D:2)
  2 leopard geckos
  2 orcs (D:6)
  5 bats
  4 giant cockroaches
  2 hobgoblins
  4 jackals
  A ball python (D:1)
  4 frilled lizards
  3 goblins
  9 kobolds
  19 rats
63 creatures vanquished.

Notes
Turn   | Place    | Note
-------+----------+-------------------------------------------
     0 | D:1      | Riddle the Gnoll Chaos Knight began the quest for the Orb.
     0 | D:1      | Reached XP level 1. HP: 23/23 MP: 1/1
    26 | D:1      | Reached XP level 2. HP: 28/29 MP: 2/2
   171 | D:1      | XOM: harmless Conj miscast
   288 | D:1      | XOM: cast spell 'Summon Butterflies'
   588 | D:2      | Reached XP level 3. HP: 35/35 MP: 3/3
   595 | D:2      | Found a white marble altar of Elyvilon.
   597 | D:2      | Found a sparkling altar of Nemelex Xobeh.
   597 | D:2      | Found a shattered altar of Ashenzari.
   817 | D:2      | Found a snail-covered altar of Cheibriados.
   948 | D:2      | Reached skill level 1 in Invocations
  1150 | D:2      | Reached skill level 1 in Short Blades
  1150 | D:2      | Reached skill level 1 in Long Blades
  1150 | D:2      | Reached skill level 1 in Maces & Flails
  1150 | D:2      | Reached skill level 1 in Polearms
  1150 | D:2      | Reached skill level 1 in Staves
  1150 | D:2      | Reached skill level 1 in Slings
  1150 | D:2      | Reached skill level 1 in Bows
  1150 | D:2      | Reached skill level 1 in Crossbows
  1150 | D:2      | Reached skill level 1 in Throwing
  1150 | D:2      | Reached skill level 1 in Stealth
  1150 | D:2      | Reached skill level 1 in Shields
  1150 | D:2      | Reached skill level 1 in Unarmed Combat
  1150 | D:2      | Reached skill level 1 in Spellcasting
  1150 | D:2      | Reached skill level 1 in Evocations
  1152 | D:2      | Found a shadowy altar of Dithmenos.
  1159 | D:2      | Reached XP level 4. HP: 32/41 MP: 5/5
  1547 | D:3      | Noticed a dagger
  1547 | D:3      | Noticed a dagger
  1548 | D:3      | Found a hide-covered altar of Uskayaw.
  1575 | D:3      | XOM: harmless Ice miscast
  1604 | D:3      | XOM: harmless Chrm miscast
  1651 | D:3      | You fall through a shaft for 3 floors!
  1661 | D:6      | Noticed an ice beast
  1673 | D:6      | XOM: mild Summ miscast
  1673 | D:6      | XOM: smoke on damage
  1692 | D:6      | Reached skill level 1 in Conjurations
  1692 | D:6      | Reached skill level 1 in Hexes
  1692 | D:6      | Reached skill level 1 in Charms
  1692 | D:6      | Reached skill level 1 in Summonings
  1692 | D:6      | Reached skill level 1 in Necromancy
  1692 | D:6      | Reached skill level 1 in Translocations
  1692 | D:6      | Reached skill level 1 in Transmutations
  1692 | D:6      | Reached skill level 1 in Fire Magic
  1692 | D:6      | Reached skill level 1 in Ice Magic
  1692 | D:6      | Reached skill level 1 in Air Magic
  1692 | D:6      | Reached skill level 1 in Earth Magic
  1692 | D:6      | Reached skill level 1 in Poison Magic
  1693 | D:6      | XOM: harmless Hex miscast
  1699 | D:6      | Reached XP level 5. HP: 22/47 MP: 6/6
  1708 | D:6      | Slain by a worker ant

Skill      XL: |  1  2  3  4 |
---------------+-------------+-----
Invocations    | 1 |  1.6
Short Blades   | 1 |  1.4
Long Blades    | 1 |  1.4
Maces & Flails | 1 |  1.4
Polearms       | 1 |  1.4
Staves         | 1 |  1.4
Slings         | 1 |  1.4
Bows           | 1 |  1.4
Crossbows      | 1 |  1.4
Throwing       | 1 |  1.4
Stealth        | 1 |  1.4
Shields        | 1 |  1.4
Unarmed Combat | 1 |  1.4
Spellcasting   | 1 |  1.4
Evocations     | 1 |  1.4
Conjurations   | 1 |  1.1
Hexes          | 1 |  1.1
Charms         | 1 |  1.1
Summonings     | 1 |  1.1
Necromancy     | 1 |  1.1
Translocations | 1 |  1.1
Transmutations | 1 |  1.1
Fire Magic     | 1 |  1.1
Ice Magic      | 1 |  1.1
Air Magic      | 1 |  1.1
Earth Magic    | 1 |  1.1
Poison Magic   | 1 |  1.1
Fighting       | |  6.7
Axes           | |  6.7
Armour         | |  4.7
Dodging        | |  2.9

Action                   |  1- 3 |  4- 6 || total
-------------------------+-------+-------++-------
Melee: Hand axe          |    85 |    57 ||   142
       Bite              |     8 |     7 ||    15
  Use: Scroll            |       |     4 ||     4
       Potion            |       |     1 ||     1
 Stab: Sleeping          |     3 |     2 ||     5
       Confused          |       |     1 ||     1
  Eat: Chunk             |       |     2 ||     2
Armor: Leather armour    |    25 |    28 ||    53
Dodge: Dodged            |    36 |    66 ||   102
